 Dungeon Crawl Stone Soup version 0.20.1-1-g8b1a95d (webtiles) character file.

56 vatarom the Shield-Bearer (level 4, -3/35 HPs)
             Began as a Formicid Fighter on Sept 10, 2017.
             Slain by a goblin
             ... wielding a cursed -3 dagger
             ... led by Robin
              (6 damage)
             ... on level 2 of the Dungeon.
             The game lasted 00:02:36 (1424 turns).

vatarom the Shield-Bearer (Formicid Fighter)        Turns: 1424, Time: 00:02:37

Health: -3/35      AC:  8    Str: 25 (26) XL:     4   Next: 15%
Magic:  4/4        EV: 13    Int:  4 (6)  God:
Gold:   59         SH: 11    Dex: 14 (15) Spells: 3/3 levels left

rFire    . . .     SeeInvis +   a - +1 long sword
rCold    . . .     Gourm    .   c - +1 shield
rNeg     . . .     Faith    .   b - +0 scale mail
rPois    +         Spirit   .   (helmet unavailable)
rElec    +         Reflect  .   (no cloak)
rCorr    .         Harm     +   (no gloves)
MR       .....                  (no boots)
Stlth    +.........             l - amulet of harm
Regen    0.2/turn               e - ring of poison resistance
MPRegen  0.1/turn               (no ring)

@: mighty, agile, lethally poisoned (-3 -> -5)
A: permanent stasis, dig shafts and tunnels, four strong arms, antennae 3, slimy
green scales 1, blurry vision 1, dopey 1, electricity resistance, wild magic 1
a: Dig, Shaft Self


You were on level 2 of the Dungeon.
You were not hungry.

You visited 1 branch of the dungeon, and saw 2 of its levels.

You collected 59 gold pieces.

Inventory:

Hand Weapons
 a - a +1 long sword (weapon)
Armour
 b - a +0 scale mail (worn)
 c - a +1 shield (worn)
Jewellery
 e - a ring of poison resistance (left hand)
 j - an uncursed amulet of regeneration
 l - an amulet of harm (around neck)
Scrolls
 h - a scroll of identify
Potions
 d - 2 potions of might
Comestibles
 f - 2 bread rations
 g - a meat ration
 i - 2 royal jellies
 k - 2 fruits


   Skills:
 - Level 3.2 Fighting
 + Level 3.9 Long Blades
 - Level 3.2 Armour
 + Level 3.9 Shields


You had 3 spell levels left.
You didn't know any spells.

Dungeon Overview and Level Annotations

Branches:
Dungeon (2/15)

Altars:

Annotations:
D:2 Robin


Innate Abilities, Weirdness & Mutations

You cannot be hasted, slowed, berserked, paralysed or teleported.
You can dig through walls and to a lower floor.
Your four strong arms can wield two-handed weapons with a shield.
You have a pair of large antennae on your head. (SInv)
You are partially covered in slimy green scales. (AC +2)
Scrolls take you a little longer to read.
You are dopey. (Int -2)
You are resistant to electric shocks. (rElec)
Your spells are a little harder to cast, but a little more powerful.


Message History

The goblin is severely wounded.
You feel sick.
Robin roars a battlecry!
The goblins go into a battle-frenzy!
The goblin hits you with a dagger.
* * * LOW HITPOINT WARNING * * *
The goblin closely misses you.
You riposte.
You closely miss the goblin.
The goblin is severely wounded.
You feel very mighty all of a sudden. You block the goblin's attack.
The goblin hits you but does no damage.
Unknown command.
You feel agile all of a sudden.
The goblin closely misses you. x2; You riposte.
Your scale mail prevents you from hitting the goblin.
The goblin is severely wounded.
Unknown command.
You slash the goblin!
You kill the goblin!
The goblin hits you with a dagger.
You die...

#.# #.##########.
#.####.##.>.......
#
##.##......########
#.##...#.#.#..#
#.))((((......#
##.#.g.#.#.#.##
#.##g##.....# #.
#g####.### #g #@#
#.####### #g #)#
#.......# #. #.#
#######.# #. #.#
#.# #.# #.# #.# #.#
#.# ######.# ...
...##.# #.##.#####


You could see Robin and 2 goblins.

Vanquished Creatures
  An adder (D:2)
  2 worms (D:2)
  A dart slug (D:2)
  A leopard gecko (D:1)
  3 giant cockroaches
  8 goblins
  3 hobgoblins
  5 bats
  4 frilled lizards
  5 kobolds
  3 rats
36 creatures vanquished.

Notes
Turn   | Place    | Note
-------+----------+-------------------------------------------
     0 | D:1      | vatarom the Formicid Fighter began the quest for the Orb.
     0 | D:1      | Reached XP level 1. HP: 18/18 MP: 1/1
   148 | D:1      | Reached XP level 2. HP: 24/24 MP: 2/2
   389 | D:1      | Gained mutation: Your mind is acute. (Int +2) [potion of mutation]
   389 | D:1      | Gained mutation: Your spells are a little harder to cast, but a little more powerful. [potion of mutation]
   389 | D:1      | Lost mutation: Your mind is acute. (Int +2) [potion of mutation]
   389 | D:1      | Gained mutation: You are resistant to electric shocks. (rElec) [potion of mutation]
   390 | D:1      | Lost mutation: Your spells are a little harder to cast, but a little more powerful. [potion of mutation]
   390 | D:1      | Gained mutation: You are dopey. (Int -2) [potion of mutation]
   390 | D:1      | Gained mutation: You are partially covered in slimy green scales. (AC +2) [potion of mutation]
   390 | D:1      | Gained mutation: Scrolls take you a little longer to read. [potion of mutation]
   390 | D:1      | Gained mutation: Your spells are a little harder to cast, but a little more powerful. [potion of mutation]
   601 | D:2      | Reached XP level 3. HP: 29/29 MP: 3/3
  1326 | D:2      | Reached XP level 4. HP: 26/35 MP: 4/4
  1404 | D:2      | Noticed Robin
  1424 | D:2      | Slain by a goblin

Skill      XL: |  1  2 |
---------------+-------+-----
Long Blades    | 3 |  3.9
Fighting       | |  3.2
Armour         | |  3.2
Shields        | |  3.9

Action                   |  1- 3 |  4- 6 || total
-------------------------+-------+-------++-------
Melee: Long sword        |   106 |    14 ||   120
  Use: Potion            |     6 |     2 ||     8
       Scroll            |     5 |       ||     5
  Eat: Chunk             |     1 |     1 ||     2
Armor: Scale mail        |    32 |    10 ||    42
Dodge: Dodged            |    32 |    10 ||    42
Block: Shield            |    53 |    12 ||    65
       Rpst.: Long sword |    11 |     4 ||    15
